 Dungeon Crawl Stone Soup version 0.30-a0-224-ge52a3cb02f (webtiles) character file.

Game seed: 13635835077343099205

1495 qw the Chopper (level 8, -8/49 HPs)
             Began as a Gargoyle Fighter on Oct 9, 2022.
             Killed from afar by a white imp (12 damage)
             ... with a puff of frost
             ... summoned by Eustachio
             ... on level 6 of the Dungeon.
             The game lasted 00:02:31 (5242 turns).

qw the Chopper (Gargoyle Fighter)                   Turns: 5242, Time: 00:02:31

Health: -8/49      AC: 17    Str: 23    XL:     8   Next: 81%
Magic:  0/8        EV:  6    Int:  8    God:
Gold:   304        SH:  9    Dex:  9    Spells: 7/7 levels left

rFire   . . .      SeeInvis .    Y - +1 war axe
rCold   . . .      Faith    .    n - +0 kite shield
rNeg    + + .      Spirit   +    i - +0 chain mail
rPois   inf        Reflect  .    p - +0 helmet
rElec   +          Harm     .    (no cloak)
rCorr   .          Rampage  .    (no gloves)
Will    .....                    l - +0 pair of boots
Stlth   ..........               k - amulet of guardian spirit
HPRegen 0.28/turn                e - ring of positive energy
MPRegen 0.11/turn                (no ring)

@: no status effects
A: sickness immunity, AC +5, negative energy resistance 1, electricity
resistance, torment resistance 1, petrification resistance
a: no special abilities


You were on level 6 of the Dungeon.
You visited 2 branches of the dungeon, and saw 7 of its levels.

You collected 304 gold pieces.


Innate Abilities, Weirdness & Mutations

You are immune to sickness and miasma.
Your stone body is resilient. (AC +5)
You are immune to poison.
You resist negative energy. (rN+)
You are resistant to electric shocks. (rElec)
You are resistant to unholy torment.
You are immune to petrification.


   Skills:
 - Level 5.0 Fighting
 - Level 7.7 Axes
 - Level 3.2 Armour
 - Level 1.3 Dodging
 + Level 6.8 Shields


You had 7 spell levels left.
You didn't know any spells.
Your spell library was empty.

Inventory:

Hand Weapons
 a - a +0 flail
 Y - a +1 war axe (weapon)
Armour
 i - a +0 chain mail (worn)
 l - a +0 pair of boots (worn)
 n - a +0 kite shield (worn)
 p - a +0 helmet (worn)
Jewellery
 e - a ring of positive energy (left hand)
 k - an amulet of guardian spirit (around neck)
Scrolls
 o - a scroll of identify
Potions
 b - a potion of degeneration {unknown}
 d - 2 potions of might
 f - 2 potions of resistance
 g - a potion of cancellation
 h - a potion of mutation {unknown}
 m - 2 potions of curing
 r - a potion of haste

Dungeon Overview and Level Annotations

Branches:
Dungeon (6/15)             Temple (1/1) D:4

Altars:
Cheibriados
Fedhas
Gozag
Kikubaaqudgha
Makhleb
Nemelex Xobeh
Qazlal
Ru
Sif Muna
Trog
Uskayaw
Vehumet
Wu Jian
Yredelemnul
Zin

Shops:
D:1 ?

Annotations:
D:5 2 runed translucent doors, qw's ghost, novice GrFi
D:6 Eustachio


Message History

Eustachio is almost dead.
You slash the shadow imp! The shadow imp hits you.
Eustachio hits you with a +0 rapier of flaming.
Eustachio burns you.
You barely miss Eustachio.
Eustachio is almost dead.
You hit the shadow imp but do no damage.
The shadow imp hits you but does no damage.
Eustachio gestures wildly while chanting.
You closely miss Eustachio.
Eustachio is almost dead.
You hit the iron imp but do no damage.
Eustachio zaps a wand.
You block the puff of flame.
The shadow imp shouts, "Run away, thou spongy motley-minded prigger-of-prances!"
Eustachio zaps a wand.
The puff of flame hits you!
You barely miss Eustachio.
Eustachio is almost dead.
You hit the iron imp but do no damage.
The iron imp hits you but does no damage.
The white imp grinds its teeth.
Eustachio gestures wildly while chanting.
Eustachio blinks!
You slash the iron imp!
The iron imp is heavily wounded.
The iron imp hits you but does no damage.
Eustachio mumbles some strange words.
You hit the iron imp.
The iron imp is almost dead.
You hit the white imp but do no damage. The white imp gestures at you.
The puff of frost hits you. The iron imp closely misses you.
You block the white imp's attack.
You closely miss the iron imp.
The iron imp is almost dead.
You hit the white imp. You hit the river rat. You block the iron imp's attack.
The river rat bites you. The white imp gestures at you.
The puff of frost hits you!
You die...

...# #..###. ...# ......###......
....## #.......#.......
......##.#............##
...................####
~¤~¤~~¤... ..........### ~
¤¤..~5.# ............. ~.###
#.~55##.............
~.....#.¤@.#...........###
#._.#).r#......##....##
......~.#....)¤@r......###....##
##.....~.#####.~....##.. ##.....
....[..~¤.....¤¤¤¤.#.... ##....
.......~¤~~~~~~~¤.##.########....
........¤......r.....##~~~~#.....
................¤#.####~~~~#.....
........#......#.##.#.+~~~~'....#


You could see Eustachio, an iron imp (summoned), a river rat (summoned), a white
imp (summoned), a shadow imp (summoned) and a quokka (summoned).

Vanquished Creatures
  2 black bears (D:6)
  An ice beast (D:5)
  An ogre (D:6)
  2 phantoms (D:5)
  A bullfrog (D:6)
  2 scorpions
  A howler monkey (D:6)
  2 jellies
  3 orc priests
  A gnoll bouda (D:5)
  3 hounds
  3 iguanas
  Jessica (D:2)
  3 orc wizards
  Robin (D:4)
  12 gnolls
  7 adders
  A white imp (D:6)
  2 worms
  2 dart slugs (D:1)
  22 orcs
  8 ball pythons
  7 bats
  7 endoplasms
  2 giant cockroaches
  18 goblins
  13 hobgoblins
  2 jackals (D:4)
  4 quokkas
  2 frilled lizards
  3 kobolds
  4 rats (D:1)
143 creatures vanquished.

Notes
Turn   | Place    | Note
-------+----------+-------------------------------------------
     0 | D:1      | qw the Gargoyle Fighter began the quest for the Orb.
     0 | D:1      | Reached XP level 1. HP: 14/14 MP: 1/1
     0 | D:1      | 0 ||| qw: Version: 0.2-a-17-g06abaee
     0 | D:1      | 0 ||| qw: Game counter: 2275
     0 | D:1      | 0 ||| qw: Always use a shield: true
     0 | D:1      | 0 ||| qw: God list: Okawaru
     0 | D:1      | 0 ||| qw: Allow faded altars: false
     0 | D:1      | 0 ||| qw: Do Orc after D:15 true
     0 | D:1      | 0 ||| qw: Do second Lair branch before Depths: true
     0 | D:1      | 0 ||| qw: Lair rune preference: random
     0 | D:1      | 0 ||| qw: Plans: Normal, Zot:1-4, God:TSO, Crypt, Tomb,
                  | Pan, Slime:5, Hells, Abyss, Orb
     0 | D:1      | 0 ||| PLANNING D:1-11
    57 | D:1      | Reached skill level 2 in Axes
   118 | D:1      | Reached XP level 2. HP: 18/19 MP: 2/2
   187 | D:1      | 187 ||| Stepping ~*~*~tactically~*~*~ (hiding).
   190 | D:1      | 190 ||| Stepping ~*~*~tactically~*~*~ (hiding).
   317 | D:1      | 317 ||| Stepping ~*~*~tactically~*~*~ (stealth).
   318 | D:1      | 318 ||| Stepping ~*~*~tactically~*~*~ (stealth).
   347 | D:1      | Reached skill level 3 in Axes
   449 | D:1      | Found Mong's Magic Scroll Boutique.
   457 | D:1      | 457 ||| SHOPLISTING scroll of acquirement (728 gold, have
                  | 0).
   457 | D:1      | 457 ||| SHOPLISTING scroll of identify (28 gold, have 0).
   565 | D:1      | Reached XP level 3. HP: 23/23 MP: 3/3
   921 | D:1      | 921 ||| UPGRADING to amulet of guardian spirit.
   926 | D:1      | 926 ||| READING scroll labelled OSIHIN FOTHRE.
   927 | D:1      | 927 ||| READING 2 scrolls labelled NOMEZO ZOURU.
   930 | D:1      | 930 ||| DRINKING 2 golden potions.
   931 | D:1      | 931 ||| DROPPING potion of brilliance.
   937 | D:2      | Noticed Jessica
   947 | D:2      | Killed Jessica
   948 | D:2      | Reached XP level 4. HP: 23/28 MP: 2/4
   950 | D:2      | Reached skill level 4 in Axes
  1433 | D:2      | 1433 ||| UPGRADING to +0 pair of boots.
  1438 | D:2      | 1438 ||| READING 3 scrolls labelled IKKIKE CUG AGHIEXE.
  1439 | D:2      | 1439 ||| READING 2 scrolls labelled CUECYRPHY RAQIO.
  1440 | D:2      | 1440 ||| DRINKING 3 lumpy ruby potions.
  1441 | D:2      | 1441 ||| READING 2 scrolls of identify.
  1441 | D:2      | 1441 ||| IDENTIFYING emerald potion
  1442 | D:2      | 1442 ||| DROPPING 2 scrolls of butterflies.
  1443 | D:2      | 1443 ||| DROPPING scroll of noise.
  1519 | D:3      | 1519 ||| Stepping ~*~*~tactically~*~*~ (stealth).
  1526 | D:3      | Reached XP level 5. HP: 31/32 MP: 5/5
  1558 | D:3      | Reached skill level 5 in Axes
  1558 | D:3      | 1558 ||| DROPPING +0 club.
  1603 | D:3      | 1603 ||| Stepping ~*~*~tactically~*~*~ (stealth).
  1722 | D:3      | 1722 ||| Stepping ~*~*~tactically~*~*~ (stealth).
  1932 | D:3      | Found a faded altar of an unknown god.
  1936 | D:3      | Found a stormy altar of Qazlal.
  2101 | D:3      | Found a glowing silver altar of Zin.
  2134 | D:3      | Reached XP level 6. HP: 33/38 MP: 4/6
  2260 | D:3      | Reached skill level 1 in Dodging
  2545 | D:3      | 2545 ||| UPGRADING to +0 helmet.
  2550 | D:3      | 2550 ||| READING scroll labelled URAYRGH LYIFFAE.
  2551 | D:3      | 2551 ||| READING scroll labelled OXKU KOTER.
  2552 | D:3      | 2552 ||| READING scroll labelled GUEFFU NYMEAT.
  2653 | D:3      | 2653 ||| READING scroll labelled ZOBOSH LIYFY.
  2654 | D:3      | 2654 ||| READING scroll labelled SOCUUQ YFONU.
  2655 | D:3      | 2655 ||| DRINKING 2 smoky red potions.
  2656 | D:3      | 2656 ||| DRINKING 2 grey potions.
  2657 | D:3      | 2657 ||| READING 2 scrolls of identify.
  2657 | D:3      | 2657 ||| IDENTIFYING glowing dark potion
  2658 | D:3      | 2658 ||| DROPPING potion of flight.
  2712 | D:4      | 2712 ||| STAIRDANCE
  2716 | D:4      | 2716 ||| STAIRDANCE
  2720 | D:4      | 2720 ||| STAIRDANCE
  2724 | D:4      | 2724 ||| STAIRDANCE
  2728 | D:4      | 2728 ||| STAIRDANCE
  2732 | D:4      | 2732 ||| STAIRDANCE
  2736 | D:4      | 2736 ||| STAIRDANCE
  2740 | D:4      | 2740 ||| STAIRDANCE
  2744 | D:4      | 2744 ||| STAIRDANCE
  2748 | D:4      | 2748 ||| STAIRDANCE
  2752 | D:4      | 2752 ||| STAIRDANCE
  2756 | D:4      | 2756 ||| STAIRDANCE
  2760 | D:4      | 2760 ||| STAIRDANCE
  2764 | D:4      | 2764 ||| STAIRDANCE
  2768 | D:4      | 2768 ||| STAIRDANCE
  2772 | D:4      | 2772 ||| STAIRDANCE
  2776 | D:4      | 2776 ||| STAIRDANCE
  2780 | D:4      | 2780 ||| STAIRDANCE
  2784 | D:4      | 2784 ||| STAIRDANCE
  2788 | D:4      | 2788 ||| STAIRDANCE
  2800 | D:4      | 2800 ||| Stepping ~*~*~tactically~*~*~ (hiding).
  3114 | D:4      | 3114 ||| DRINKING 3 potions of curing.
  3114 | D:4      | 3114 ||| (to cure confusion)
  3115 | D:4      | 3115 ||| FLEEEEING.
  3116 | D:4      | 3116 ||| FLEEEEING.
  3117 | D:4      | 3117 ||| FLEEEEING.
  3118 | D:4      | 3118 ||| FLEEEEING.
  3119 | D:4      | 3119 ||| FLEEEEING.
  3120 | D:4      | 3120 ||| FLEEEEING.
  3127 | D:4      | 3127 ||| DRINKING 2 potions of curing.
  3127 | D:4      | 3127 ||| (to cure confusion)
  3198 | D:4      | Found a staircase to the Ecumenical Temple.
  3199 | D:4      | 3199 ||| PLANNING TEMPLE
  3199 | D:4      | 3199 ||| READING scroll labelled FOMASCHO DALELL.
  3200 | D:4      | 3200 ||| READING 2 scrolls of identify.
  3200 | D:4      | 3200 ||| IDENTIFYING murky golden potion
  3201 | D:4      | 3201 ||| DROPPING potion of ambrosia.
  3224 | Temple   | Entered the Ecumenical Temple
  3346 | Temple   | 3346 ||| PLANNING D:1-11
  3455 | D:4      | Reached skill level 6 in Axes
  3455 | D:4      | Reached XP level 7. HP: 22/43 MP: 3/7
  3677 | D:4      | 3677 ||| Stepping ~*~*~tactically~*~*~ (stealth).
  3679 | D:4      | 3679 ||| Stepping ~*~*~tactically~*~*~ (stealth).
  3683 | D:4      | 3683 ||| Stepping ~*~*~tactically~*~*~ (stealth).
  3687 | D:4      | Noticed Robin
  3688 | D:4      | 3688 ||| Stepping ~*~*~tactically~*~*~ (stealth).
  3689 | D:4      | 3689 ||| Stepping ~*~*~tactically~*~*~ (stealth).
  3714 | D:4      | Killed Robin
  3779 | D:5      | Entered Level 5 of the Dungeon
  3803 | D:5      | Reached skill level 7 in Axes
  3842 | D:5      | HP: 9/43 [iguana (5)]
  3843 | D:5      | 3843 ||| READING 2 scrolls of teleportation.
  3844 | D:5      | 3844 ||| DRINKING 2 potions of heal wounds.
  3861 | D:5      | HP: 11/44 [gnoll/+0 whip[a gnoll bouda] (3)]
  3862 | D:5      | 3862 ||| READING scroll of teleportation.
  3863 | D:5      | 3863 ||| DRINKING potion of heal wounds.
  3985 | D:5      | Reached XP level 8. HP: 49/49 MP: 6/8
  4243 | D:5      | Identified the +3 short sword of the Forging Weasel {flame,
                  | Str+2 Int+3 SInv}
  4324 | D:5      | Found a large runed translucent door.
  4324 | D:5      | Found a large runed translucent door.
  4327 | D:5      | Noticed qw's ghost (novice GrFi)
  4392 | D:5      | 4392 ||| Stepping ~*~*~tactically~*~*~ (stealth).
  4610 | D:5      | Found a burning altar of Makhleb.
  4718 | D:5      | 4718 ||| UPGRADING to +0 chain mail.
  4728 | D:5      | 4728 ||| DROPPING +0 scale mail.
  4729 | D:5      | 4729 ||| UPGRADING to +0 kite shield.
  4739 | D:5      | 4739 ||| DROPPING +0 buckler.
  4740 | D:5      | 4740 ||| UPGRADING to ring of positive energy.
  4741 | D:5      | 4741 ||| READING scroll labelled BOIZXAUHOGG.
  4772 | D:6      | 4772 ||| Stepping ~*~*~tactically~*~*~ (stealth).
  5072 | D:6      | 5072 ||| Stepping ~*~*~tactically~*~*~ (stealth).
  5075 | D:6      | 5075 ||| FLEEEEING.
  5076 | D:6      | 5076 ||| FLEEEEING.
  5077 | D:6      | 5077 ||| FLEEEEING.
  5078 | D:6      | 5078 ||| FLEEEEING.
  5079 | D:6      | 5079 ||| FLEEEEING.
  5080 | D:6      | 5080 ||| FLEEEEING.
  5083 | D:6      | Reached skill level 6 in Shields
  5128 | D:6      | Found a sparkling altar of Nemelex Xobeh.
  5210 | D:6      | Noticed Eustachio
  5211 | D:6      | 5211 ||| Stepping ~*~*~tactically~*~*~ (hiding).
  5238 | D:6      | HP: 5/49 [Eustachio/puff of flame (9)]
  5242 | D:6      | Killed from afar by a white imp

Levels and vault maps discovered:
D:1:      dpeg_arrival_more_subterranean_lakeside_camping, layout_basic,
          serial_shops, nicolae_shop_crystal
D:2:      layout_rooms, uniq_jessica
D:3:      layout_loops_corners, nicolae_overflow_ecumenical_swirl,
          zin_scriptorium
D:4:      layout_gridville, minmay_temple_entry_junction, uniq_robin
D:5:      layout_basic, old_standard_altar, ebering_ghost_disaster_area
D:6:      layout_layer_cave, mainiacjoe_overflow_brackets,
          chequers_serial_rivers_room_b, feat_on_display, uniq_eustachio
Temple:   jpeg_temple_clearing

Skill      XL: |  1  2  3  4  5  6  7  8 |
---------------+-------------------------+-----
Axes           | 2 3 4 5 6 7 |  7.7
Fighting       | 4 5 |  5.0
Dodging        | 1 |  1.3
Shields        | 6 |  6.8
Armour         | |  3.2

Action                   |  1- 3 |  4- 6 |  7- 9 || total
-------------------------+-------+-------+-------++-------
Melee: War axe           |    81 |   193 |   183 ||   457
Throw: Boomerang         |       |    20 |       ||    20
  Use: Scroll            |     2 |    11 |     3 ||    16
       Potion            |     1 |     5 |     2 ||     8
Armor: Scale mail        |    34 |   115 |    89 ||   238
       Chain mail        |       |       |    50 ||    50
Dodge: Dodged            |    20 |    66 |    86 ||   172
Block: Buckler           |    14 |    35 |    22 ||    71
       Kite shield       |       |       |    45 ||    45

Table legend:
 A = Non-vault XP
 B = Vault XP
 C = Vault XP percentage of total XP
 D = Non-vault monster count
 E = Vault monster count
 F = Vault count percentage of total count
                 A         B        C        D         E       F
            +---------+---------+-------+---------+---------+-------
      Total |    2058 |      79 |   3.7 |     129 |      14 |   9.8
            +---------+---------+-------+---------+---------+-------
        D:1 |      45 |       0 |   0.0 |      25 |       0 |   0.0
        D:2 |      62 |      37 |  37.4 |      16 |       1 |   5.9
        D:3 |     256 |       0 |   0.0 |      34 |       0 |   0.0
        D:4 |     333 |      42 |  11.2 |      26 |      13 |  33.3
        D:5 |     625 |       0 |   0.0 |      15 |       0 |   0.0
        D:6 |     737 |       0 |   0.0 |      13 |       0 |   0.0
            +---------+---------+-------+---------+---------+-------
